Map: Reclamation LE

Players

gersn

  • Race: Terran Terran
  • League: Diamond
  • Spawn Location: 11:00

MatontheMoon

  • Race: Terran Terran
  • Spawn Location: 12:00

Nyck - Winner!

  • Race: Terran Terran
  • Spawn Location: 6:00

Ekelpack - Winner!

  • Race: Zerg Zerg
  • Spawn Location: 5:00

VOD

Have the link to the VOD?

Description

Time

  • Played on: Sept. 11, 2024, 4:15 p.m.
  • Length: 16:04
Show
View Real Time Build Order
Export as new Build Order

gersn Terran 

Build Orders: Reaper Expand 

Get SALT Encoding   

  12  0:00  SCV  
  13  0:12  SCV  
  14  0:17  Supply Depot  
  14  0:25  SCV  
  15  0:38  SCV  
  15  0:40  Barracks  
  16  0:50  SCV, Refinery  
  17  1:02  SCV  
  18  1:15  SCV  
  19  1:48  Command Center  
  19  1:49  Reaper  
  19  1:51  Orbital Command  
  20  1:58  Supply Depot  
  20  2:21  Factory  
  19  2:25  SCV  
  19  2:29  Refinery  
  20  2:30  Engineering Bay  
  20  2:36  Barracks Reactor  
  20  2:49  Bunker  
  20  2:56  SCV  
  21  3:08  SCV  
  22  3:17  Orbital Command  
  21  3:20  SCV  
  21  3:21  Supply Depot  
  21  3:23  Supply Depot  
  21  3:25  Starport, Marine x2  
  24  3:27  Factory Tech Lab  
  24  3:36  SCV  
  25  3:48  SCV  
  26  3:49  SCV  
  26  3:52  Marine x2  
  29  4:00  SCV  
  29  4:01  SCV  
  29  4:02  Siege Tank  
  34  4:14  Viking x2  
  34  4:15  SCV  
  39  4:21  SCV  
  40  4:27  SCV  
  41  4:32  Missile Turret  
  41  4:34  SCV  
  41  4:36  Refinery, Missile Turret  
  42  4:39  SCV  
  43  4:46  SCV  
  43  4:52  SCV  
  44  5:00  SCV  
  44  5:04  SCV  
  44  5:05  Refinery  
  46  5:07  Siege Tank  
  46  5:08  Viking x2  
  46  5:12  SCV  
  54  5:16  SCV  
  54  5:17  Supply Depot  
  54  5:18  Supply Depot  
  55  5:24  SCV  
  56  5:30  SCV  
  56  5:34  Command Center  
  57  5:42  SCV x2  
  59  5:45  Barracks Reactor  
  59  5:49  Factory  
  59  5:50  Armory  
  59  5:54  Missile Turret  
  59  5:55  SCV x2  
  61  6:01  Missile Turret  
  61  6:05  Missile Turret  
  61  6:06  Missile Turret  
  61  6:09  SCV  
  62  6:13  SCV  
  62  6:16  Missile Turret x2  
  63  6:18  Viking  
  63  6:24  SCV  
  66  6:25  SCV  
  67  6:43  Infernal Pre-Igniter  
  67  6:45  Siege Tank  
  70  6:48  Hellion x2  
  70  6:50  Terran Vehicle Weapons Level 1  
  70  6:51  Armory  
  74  6:57  SCV x2  
  76  7:09  SCV x2, Sensor Tower  
  76  7:15  Refinery  
  78  7:17  Viking x2  
  78  7:19  Refinery  
  78  7:20  Siege Tank  
  78  7:21  SCV  
  78  7:22  SCV  
  87  7:30  Planetary Fortress  
  87  7:32  Missile Turret  
  87  7:34  Missile Turret x2  
  87  7:36  Missile Turret  
  87  7:38  Widow Mine x2  
  87  7:41  SCV  
  92  7:49  SCV  
  93  8:01  Supply Depot  
  93  8:02  Supply Depot, Drilling Claws  
  93  8:03  SCV  
  94  8:06  SCV  
  94  8:08  SCV  
  96  8:14  Terran Vehicle And Ship Armor Level 1  
  96  8:15  SCV  
  96  8:16  Widow Mine x2  
  101  8:22  Viking x2  
  101  8:23  SCV x2  
  107  8:28  SCV  
  108  8:35  SCV x2  
  108  8:40  SCV  
  111  8:44  Hellion x2  
  111  8:47  SCV  
  116  8:56  Supply Depot  
  116  8:58  Supply Depot, Command Center  
  116  8:59  Supply Depot  
  116  9:00  Supply Depot  
  116  9:09  Terran Vehicle Weapons Level 2  
  116  9:10  Siege Tank  
  116  9:11  Hellion x2  
  123  9:18  Factory  
  123  9:20  Factory  
  123  9:21  Factory  
  123  9:32  Hellion x2  
  127  9:42  Thor  
  133  9:53  Hellion  
  135  10:02  SCV x2  
  135  10:06  Widow Mine  
  139  10:07  Refinery  
  139  10:15  Widow Mine  
  139  10:21  Engineering Bay  
  141  10:23  Engineering Bay x2  
  141  10:24  Command Center  
  141  10:25  Siege Tank, Engineering Bay  
  141  10:26  Engineering Bay  
  144  10:29  Engineering Bay  
  144  10:32  Supply Depot  
  144  10:33  Command Center, Factory Tech Lab x2  
  144  10:34  Factory Tech Lab  
  144  10:35  Hellion x5  
  144  10:38  Orbital Command, Hellion x4  
  144  10:57  Siege Tank  
  144  11:01  Siege Tank, Thor  
  144  11:02  Hellion x2  
  160  11:07  Siege Tank  
  163  11:23  Hellion  
  165  11:29  Siege Tank  
  168  11:33  Thor  
  174  11:42  Planetary Fortress  
  174  11:43  Neosteel Armor  
  174  11:44  Hi-Sec Auto Tracking  
  174  11:59  Planetary Fortress  
  174  12:02  Siege Tank  
  174  12:06  Siege Tank  
  174  12:07  Hellion  
  185  12:11  Barracks  
  185  12:12  Barracks  
  185  12:14  Barracks  
  182  12:16  Thor  
  182  12:20  Factory Tech Lab  
  183  12:33  Thor  
Show
View Real Time Build Order
Export as new Build Order

MatontheMoon Terran 

Build Orders:  

Get SALT Encoding   

  12  0:01  SCV  
  13  0:18  Supply Depot  
  13  0:19  SCV  
  14  0:31  SCV  
  15  0:43  Barracks  
  15  0:48  Refinery  
  15  0:50  SCV  
  16  1:02  SCV  
  17  1:14  SCV  
  18  1:23  Supply Depot  
  18  1:26  SCV  
  19  1:33  Supply Depot  
  19  1:34  Marine  
  19  1:39  SCV  
  21  1:51  SCV  
  22  2:00  Command Center  
  22  2:10  SCV  
  22  2:12  Bunker  
  22  2:13  Marine  
  24  2:26  SCV  
  24  2:27  Refinery  
  25  2:36  Marine  
  26  2:38  Engineering Bay  
  26  2:49  SCV  
  27  2:52  Factory  
  27  2:54  Marine  
  28  3:09  SCV, Refinery  
  28  3:12  Marine  
  29  3:16  Planetary Fortress  
  30  3:25  SCV  
  31  3:36  Missile Turret  
  31  3:37  SCV  
  32  3:46  Factory Tech Lab  
  32  3:49  SCV  
  32  3:55  Starport  
  33  4:01  SCV  
  34  4:05  SCV  
  34  4:07  Siege Tank  
  38  4:13  SCV  
  38  4:15  Neosteel Armor  
  39  4:22  SCV  
  40  4:32  SCV  
  40  4:34  SCV  
  42  4:39  Viking  
  42  4:44  SCV, Factory  
  45  4:56  SCV x2  
  47  5:08  SCV  
  47  5:10  Supply Depot  
  47  5:11  Supply Depot  
  47  5:12  SCV  
  49  5:20  SCV  
  50  5:24  SCV  
  50  5:25  Refinery  
  50  5:27  Siege Tank  
  54  5:33  SCV  
  54  5:34  Armory  
  55  5:36  Factory Tech Lab  
  55  5:43  SCV  
  55  5:45  SCV  
  55  5:47  Command Center  
  57  6:08  Armory  
  57  6:10  Hi-Sec Auto Tracking  
  57  6:12  Missile Turret  
  57  6:17  Missile Turret  
  57  6:19  Missile Turret  
  57  6:20  SCV  
  57  6:29  SCV  
  57  6:32  SCV  
  59  6:37  Thor  
  65  6:42  SCV  
  65  6:44  SCV  
  65  6:45  Supply Depot, Starport Reactor  
  67  6:53  Missile Turret  
  67  6:57  SCV  
  67  6:59  Thor  
  67  7:00  SCV  
  75  7:09  SCV  
  75  7:12  SCV  
  77  7:19  Planetary Fortress  
  77  7:20  Thor, Bunker  
  81  7:34  Terran Ship Weapons Level 1  
  81  7:37  Terran Vehicle Weapons Level 1  
  74  7:54  Thor  
  74  7:58  SCV  
  81  8:02  Thor  
  87  8:10  SCV, Viking  
  87  8:11  Viking  
  92  8:14  SCV  
  93  8:21  Bunker  
  93  8:31  Supply Depot  
  93  8:40  Missile Turret  
  93  8:47  Smart Servos  
  93  8:49  Sensor Tower  
  93  8:51  SCV  
  93  8:52  SCV, Thor  
  93  8:54  Armory  
  100  9:05  SCV  
  101  9:14  Missile Turret  
  101  9:22  Supply Depot  
  101  9:26  Orbital Command  
  101  9:39  Refinery  
  101  9:43  SCV x2, Marine  
  104  9:45  Supply Depot  
  104  9:46  Terran Vehicle Weapons Level 2  
  104  9:48  Terran Vehicle And Ship Armor Level 1, Terran Ship Weapons Level 2  
  104  9:53  Supply Depot  
  104  9:55  SCV x2  
  104  9:56  Supply Depot  
  106  10:01  Marine  
  107  10:07  SCV x2  
  109  10:17  Missile Turret, Hellbat x2  
  109  10:18  Marine  
  109  10:19  SCV x2  
  109  10:20  SCV  
  117  10:32  SCV x2  
  117  10:33  Terran Infantry Weapons Level 1  
  119  10:40  Factory  
  119  10:41  Factory  
  119  10:44  SCV  
  119  10:45  Command Center  
  119  10:48  Missile Turret  
  120  10:56  SCV  
  121  11:00  SCV  
  121  11:01  SCV  
  123  11:06  Refinery  
  123  11:08  SCV  
  124  11:12  SCV  
  124  11:13  SCV  
  126  11:20  SCV  
  126  11:22  Missile Turret  
  126  11:24  SCV  
  128  11:25  SCV  
  129  11:33  SCV  
  129  11:36  SCV  
  129  11:37  SCV  
  129  11:39  Missile Turret  
  132  11:42  Factory Reactor  
  132  11:44  Factory Tech Lab  
  132  11:45  SCV  
  133  11:48  Supply Depot  
  133  11:50  Terran Vehicle And Ship Armor Level 2  
  133  11:51  Supply Depot  
  133  11:57  SCV  
  134  12:02  Planetary Fortress  
  134  12:09  SCV x2  
  136  12:21  SCV x2  
  136  12:22  Hellbat x3  
  146  12:23  Thor, Hellbat  
  139  12:33  SCV x2  
  105  12:43  Thor x2, Hellbat  
  105  12:44  Hellbat  
  91  12:45  SCV x2  
  93  12:57  SCV  
  85  12:59  Marine  
  85  13:05  Hellbat x2  
  85  13:06  Hellbat  
  59  13:17  Marine  
  52  13:25  SCV  
  52  13:26  Thor x2, Hellbat  
  63  13:27  Thor  
  63  13:32  Factory  
  69  13:34  Medivac x2  
  69  13:35  Marine  
  69  13:37  SCV  
  74  13:48  Terran Infantry Armor Level 1  
  74  13:50  SCV  
  74  13:53  Marine  
  76  14:00  Unknown  
  76  14:02  SCV  
  77  14:04  Medivac x2  
  77  14:09  Thor  
  87  14:11  Marine  
  87  14:14  SCV  
  87  14:15  Hellbat  
  87  14:16  Hellbat x3  
  86  14:34  Medivac x2  
  86  14:37  Hellbat x4  
  98  14:52  Factory Reactor  
  98  14:56  SCV  
  99  15:04  Medivac x2  
  103  15:08  SCV  
  103  15:13  Hellbat x5  
  114  15:20  SCV  
  115  15:34  Hellbat  
  103  15:35  Hellbat  
Show
View Real Time Build Order
Export as new Build Order

Nyck Terran - Winner!

Build Orders:  

Get SALT Encoding   

  12  0:00  SCV  
  13  0:12  SCV  
  14  0:17  Supply Depot  
  14  0:24  SCV  
  15  0:39  SCV  
  15  0:41  Barracks  
  16  0:51  SCV  
  16  0:54  Refinery  
  17  1:08  Supply Depot, SCV  
  18  1:20  SCV  
  19  1:32  SCV  
  20  1:37  Marine  
  21  1:46  Orbital Command  
  21  2:12  Barracks Tech Lab  
  21  2:13  SCV  
  22  2:25  SCV  
  23  2:30  Barracks  
  23  2:36  Refinery  
  23  2:39  Command Center  
  23  2:45  Barracks  
  23  2:46  Marauder  
  25  2:53  SCV  
  24  3:20  SCV  
  25  3:28  Concussive Shells  
  25  3:32  SCV, Engineering Bay  
  26  3:36  Engineering Bay  
  26  3:41  Factory  
  26  3:45  SCV  
  26  3:46  Barracks Tech Lab  
  26  3:47  Barracks Tech Lab  
  27  3:57  SCV  
  27  4:00  Command Center  
  28  4:03  Marauder  
  28  4:05  Marauder  
  28  4:08  Marauder  
  28  4:09  SCV  
  35  4:16  Terran Infantry Weapons Level 1  
  35  4:23  Orbital Command  
  35  4:25  SCV  
  36  4:35  Terran Infantry Armor Level 1  
  36  4:37  SCV  
  37  4:40  Armory  
  37  4:47  Marine  
  37  4:49  SCV  
  39  4:57  SCV  
  40  5:02  SCV  
  41  5:08  Refinery  
  41  5:09  SCV  
  41  5:11  Refinery  
  42  5:14  SCV  
  43  5:21  SCV  
  43  5:27  SCV  
  43  5:28  Command Center  
  45  5:32  Starport  
  45  5:34  SCV  
  46  5:36  Marauder  
  46  5:37  Marauder  
  46  5:39  SCV  
  51  5:51  SCV  
  51  5:53  Marauder  
  51  5:55  SCV  
  55  5:59  Combat Shield  
  55  6:00  Stimpack  
  55  6:03  SCV  
  56  6:07  SCV  
  57  6:23  Marine x2  
  57  6:24  Marine  
  60  6:26  SCV  
  60  6:30  Starport Reactor  
  61  6:39  SCV  
  62  6:40  SCV  
  62  6:46  Orbital Command  
  63  6:52  SCV  
  63  6:53  SCV  
  65  6:54  Marine x2  
  65  6:55  Marine  
  65  6:58  Terran Infantry Armor Level 2  
  65  6:59  Terran Infantry Weapons Level 2  
  68  7:02  Terran Vehicle And Ship Armor Level 1  
  68  7:04  SCV  
  68  7:05  SCV  
  68  7:07  Medivac x2  
  74  7:17  SCV x2  
  74  7:18  Refinery x2  
  76  7:25  Supply Depot  
  76  7:47  SCV x3  
  76  7:49  Supply Depot  
  79  7:59  SCV x3, Marine x2  
  84  8:06  Barracks  
  84  8:10  Marine  
  84  8:11  SCV x3  
  88  8:13  Supply Depot, SCV  
  88  8:16  Marine  
  88  8:17  Marine  
  91  8:23  SCV  
  91  8:25  Orbital Command  
  92  8:34  SCV x2, Marine x3  
  92  8:35  SCV  
  92  8:36  Supply Depot  
  98  8:41  Medivac  
  100  8:53  Supply Depot  
  100  8:55  Barracks  
  100  8:57  Marine  
  100  8:58  SCV, Marauder x2, Medivac  
  100  8:59  Terran Vehicle And Ship Armor Level 2  
  100  9:00  Supply Depot  
  108  9:14  SCV x2, Medivac  
  108  9:16  Terran Infantry Armor Level 3, Supply Depot, Terran Infantry Weapons Level 3  
  112  9:17  SCV x2  
  114  9:27  Medivac  
  114  9:28  Refinery  
  114  9:29  SCV  
  117  9:31  SCV x2  
  117  9:32  SCV, Refinery  
  120  9:40  Supply Depot  
  120  9:41  SCV  
  120  9:43  SCV, Barracks  
  120  9:44  SCV x2  
  124  9:46  Supply Depot  
  124  9:50  Marine x2  
  126  9:53  Barracks Reactor x2  
  126  9:58  SCV x4  
  130  10:03  Supply Depot  
  130  10:10  Supply Depot, SCV x4  
  134  10:23  Marine  
  134  10:24  Marine x2  
  137  10:33  Supply Depot  
  137  10:41  Command Center  
  137  10:42  Marauder x3  
  143  10:43  Marine x4  
  143  10:47  Command Center  
  147  10:50  Barracks Reactor  
  147  10:51  Command Center  
  147  10:54  SCV x3  
  147  10:55  Supply Depot  
  150  10:58  Medivac x2  
  150  11:01  Marine  
  150  11:02  SCV  
  150  11:03  Marine x3  
  159  11:06  SCV x3  
  162  11:14  SCV  
  162  11:18  Supply Depot, SCV  
  163  11:19  Marine x2  
  163  11:20  Marine x2  
  163  11:21  Marauder x3  
  173  11:37  Medivac x2  
  177  11:42  SCV x4  
  177  11:43  Supply Depot  
  181  11:49  Marine x4  
  181  11:50  Marine x2  
  181  11:54  SCV  
  188  11:59  SCV x3, Marauder x3  
  197  12:03  Refinery  
  197  12:04  Refinery  
  197  12:05  Orbital Command, Supply Depot  
  197  12:20  Marauder  
  199  12:28  Supply Depot  
  171  12:51  Supply Depot  
  171  12:52  Marine x3  
  171  12:53  Marine x2  
  171  12:54  Marine, Marauder x2  
  171  12:55  Marauder  
  175  13:10  Marine x3  
  175  13:13  Supply Depot  
  175  13:15  Marine x3  
  175  13:16  Marauder x3  
  184  13:28  Marine x3  
  184  13:32  Marine  
  184  13:33  Marine x2  
  190  13:37  Marauder x3  
  190  13:38  SCV x5  
  169  13:46  Marine x3  
  149  13:50  Marine x2  
  149  13:51  Marine  
  142  13:57  Medivac  
  142  13:58  Marauder, Medivac  
  142  13:59  SCV, Marauder x2  
  142  14:00  SCV x3  
  156  14:03  Marine x2  
  156  14:04  Marine  
  156  14:08  Marine x2  
  156  14:09  Marine  
  164  14:10  SCV  
  164  14:12  SCV x2  
  164  14:17  Orbital Command  
  165  14:20  Refinery, Marauder x3  
  165  14:21  Marine x3  
  165  14:22  Refinery  
  174  14:26  Marine x2  
  176  14:36  SCV  
  176  14:37  SCV x4  
  181  14:41  Marine x4, Marauder x2  
  181  14:42  Marauder  
  181  14:44  Marine x2  
  193  14:58  Marine  
  193  14:59  Marine x3  
  197  15:02  Marine x2  
  199  15:16  Marine  
Show
View Real Time Build Order
Export as new Build Order

Ekelpack Zerg - Winner!

Build Orders: Hatch First 

Get SALT Encoding   

  12  0:00  Drone  
  13  0:12  Overlord  
  13  0:18  Drone  
  14  0:33  Drone  
  15  0:48  Hatchery  
  15  0:49  Drone  
  15  1:04  Evolution Chamber  
  15  1:08  Spawning Pool  
  15  1:11  Drone  
  15  1:16  Drone  
  16  1:21  Drone  
  16  1:23  Extractor  
  16  1:25  Drone  
  17  1:33  Drone  
  18  1:45  Drone  
  19  1:56  Queen  
  19  1:57  Zergling x2  
  22  2:02  Drone  
  22  2:03  Queen  
  25  2:11  Overlord  
  25  2:21  Drone  
  26  2:30  Drone x2  
  26  2:33  Drone  
  29  2:38  Lair  
  29  3:05  Metabolic Boost  
  29  3:07  Drone x3  
  32  3:13  Drone x2  
  32  3:14  Drone  
  32  3:15  Extractor  
  34  3:22  Overlord  
  34  3:23  Overlord  
  34  3:25  Drone  
  35  3:28  Extractor  
  35  3:31  Queen  
  36  3:36  Drone, Extractor  
  36  3:41  Drone  
  36  3:42  Drone x3  
  40  3:55  Drone, Spire  
  41  3:57  Drone  
  41  3:58  Drone x3  
  44  4:22  Drone x2  
  46  4:29  Zergling x2  
  46  4:30  Zergling x2  
  46  4:31  Zergling x6, Overlord  
  51  4:46  Overlord  
  51  4:51  Zergling x8  
  51  4:52  Zergling x4  
  57  5:04  Overlord  
  57  5:05  Overlord  
  57  5:08  Mutalisk  
  57  5:13  Mutalisk x3  
  65  5:23  Hatchery  
  64  5:30  Mutalisk x4  
  64  5:33  Zerg Flyer Weapons Level 1  
  72  5:44  Mutalisk x3  
  72  5:48  Mutalisk  
  80  5:51  Overlord  
  78  6:32  Mutalisk x2  
  80  6:41  Infestation Pit  
  80  6:46  Drone  
  80  6:47  Drone x7  
  82  6:48  Drone x3  
  90  7:07  Evolution Chamber  
  89  7:08  Overlord x2  
  89  7:11  Evolution Chamber  
  89  7:15  Drone x3  
  91  7:16  Extractor  
  91  7:18  Overlord  
  91  7:19  Overlord, Extractor  
  89  7:23  Hive  
  89  7:34  Zerg Melee Weapons Level 1  
  89  8:00  Zerg Ground Armor Level 1  
  89  8:02  Overlord  
  89  8:03  Overlord  
  89  8:10  Drone x2  
  89  8:11  Drone x4  
  86  8:47  Ultralisk Cavern, Overlord  
  85  9:04  Overlord x2  
  85  9:33  Zerg Melee Weapons Level 2  
  85  9:34  Chitinous Plating  
  85  9:36  Ultralisk x6  
  85  9:37  Ultralisk x5  
  151  9:38  Overlord  
  151  9:39  Overlord x2  
  151  9:56  Zerg Ground Armor Level 2  
  151  10:13  Ultralisk x2  
  163  10:14  Zergling x4  
  163  10:15  Zergling x10  
  163  10:19  Adrenal Glands  
  170  10:34  Ultralisk  
  170  10:35  Zergling x8  
  179  10:36  Zergling x10  
  185  10:57  Ultralisk  
  185  10:59  Overlord  
  185  11:00  Anabolic Synthesis  
  191  11:56  Zerg Melee Weapons Level 3  
  191  11:57  Ultralisk  
  191  11:58  Zergling x4  
  199  12:10  Hatchery  
  199  12:14  Unknown  
  176  12:30  Ultralisk x5  
  176  12:31  Ultralisk  
  176  12:32  Zergling x6  
  176  12:33  Zergling x2  
  192  12:41  Zergling x4, Ultralisk  
  192  13:00  Zergling x2, Ultralisk  
  192  13:01  Zergling x2  
  185  13:14  Zerg Ground Armor Level 3  
  185  13:16  Zergling x4, Ultralisk x2  
  185  13:17  Zergling x2  
  193  13:29  Zergling x2, Ultralisk  
  188  14:30  Ultralisk x4  
  188  14:31  Zergling x2  
  200  14:40  Greater Spire  
  195  15:09  Zergling x8  
  195  15:10  Zergling x2  
  194  15:17  Ultralisk  
Tags
 
Add a new tag
Caveats
  • Supply blocks, unpowered buildings, or Contaminate may cause inaccurate times.
  • Supply counts are checked every 10 seconds.